 Dungeon Sprint DCSS version 0.26-a0-649-gf8c6c3aab7 (webtiles) character file.

Game seed: 16536267783711181988

7213 sahdkjhfkaj the Brawler (level 22, -16/284 HPs)
             Began as a Troll Monk on Sept 27, 2020.
             Was an Initiate of Gozag.
             Demolished by a stone giant simulacrum (46 damage)
             ... in the Dungeon (Sprint VI: "Thunderdome").
             The game lasted 00:12:07 (3375 turns).

sahdkjhfkaj the Brawler (Troll Monk)                Turns: 3375, Time: 00:12:08

Health: -16/284    AC: 25    Str: 30    XL:     22   Next: 53%
Magic:  31/31      EV: 20    Int:  8    God:    Gozag
Gold:   5530       SH: 21    Dex: 22    Spells: 29/35 levels left

rFire    . . .     SeeInvis +     - Unarmed
rCold    . . .     Faith    .   n - +0 tower shield of Alouneut {MR+ Dex+4} (curse)
rNeg     + . .     Spirit   .   (armour currently unavailable)
rPois    ∞         Reflect  .   b - +0 hat of the Heron {rC- Regen+ rCorr}
rElec    +         Harm     .   o - +1 cloak of Paranoia {rElec Int+3 Stlth-}
rCorr    +         Rampage  .   (gloves unavailable)
MR       ++++.     NoTele   +   (boots unavailable)
Stlth    +.........             f - amulet of Terra Nullius {MR+ Regen+}
HPRegen  1.77/turn              m - ring "Voraedat" {rC+ MR+ Int-3 Dex+6 SInv}
MPRegen  0.22/turn              (no ring)

@: statue-form, gold aura, very slow
A: large, unfitting armour, claws 3, regeneration 1
}: 3/15 runes: decaying, gossamer, mossy
a: End Transformation, Potion Petition, Call Merchant, Bribe Branch, Renounce
Religion


You were in the Dungeon.
You worshipped Gozag.
Gozag was greatly pleased with you.
You were a stone statue.
You visited 1 branch You collected 15746 gold pieces.
You spent 10216 gold pieces at shops.

Inventory:

Armour
 b - the +0 hat of the Heron (worn) {rC- Regen+ rCorr}
   (You bought it in a shop in the Dungeon)

   It makes you vulnerable to cold.
   It increases your rate of regeneration.
   It provides partial protection from all sources of acid and corrosion.
 n - the cursed +0 tower shield of Alouneut (worn) {MR+ Dex+4}
   (You bought it in a shop in the Dungeon)

   It affects your dexterity (+4).
   It affects your resistance to hostile enchantments.
   It has a curse placed upon it.
 o - the +1 cloak of Paranoia (worn) {rElec Int+3 Stlth-}
   (You bought it in a shop in the Dungeon)

   It affects your intelligence (+3).
   It insulates you from electricity.
   It makes you less stealthy.
 p - +8 gold dragon scales
Jewellery
 f - the amulet of Terra Nullius (around neck) {MR+ Regen+}
   (You found it in the Dungeon)

   [amulet of regeneration]

   It affects your resistance to hostile enchantments.
   It increases your rate of regeneration.
 m - the ring "Voraedat" (left claw) {rC+ MR+ Int-3 Dex+6 SInv}
   (You bought it in a shop in the Dungeon)

   [ring of protection from cold]

   It affects your intelligence (-3).
   It affects your dexterity (+6).
   It protects you from cold.
   It affects your resistance to hostile enchantments.
   It lets you see invisible.
Wands
 h - a wand of digging (5)
 i - a wand of iceblast (1)
Scrolls
 g - 4 scrolls of blinking
 j - 3 scrolls of fog
Potions
 a - a potion of cancellation {unknown}
 c - 23 potions of heal wounds
 d - 9 potions of haste
 e - 2 potions of magic
 k - a potion of resistance
 l - a potion of experience
Miscellaneous
 q - a quad damage
 r - a quad damage


   Skills:
 - Level 13.0 Fighting
 - Level 8.4 Armour
 - Level 13.0 Dodging
 - Level 1.0 Stealth
 - Level 11.7 Shields
 - Level 20.1 Unarmed Combat
 + Level 7.1 Spellcasting
 * Level 11.9 Transmutations
 * Level 17.0 Earth Magic


You had 29 spell levels left.
You knew the following spells:

 Your Spells              Type           Power        Failure   Level
S - Statue Form           Tmut/Erth      ####.....    17%         6

Your spell library contained the following spells:

 Spells                   Type           Power        Failure   Level
 Leda's Liquefaction      Hex/Erth       ###.......   13%         4
 Bolt of Magma            Conj/Fire/Erth ##........   75%         5
 Iron Shot                Conj/Erth      ###.......   89%         6
 Shatter                  Erth           ####......   100%        9


Dungeon Overview and Level Annotations

Branches:
Dungeon (1/1)

Altars:
Cheibriados
Dithmenos
Fedhas
Gozag
Kikubaaqudgha
Makhleb
Okawaru
Qazlal
Ru
Sif Muna
Trog
Uskayaw
Vehumet
Wu Jian
Xom
Yredelemnul
Zin
The Shining One
Beogh
Jiyva
Lugonu

Shops:
D *[??*?*:[((!!!


Innate Abilities, Weirdness & Mutations

You are too large for most types of armour.
You have claws for hands.
Your natural rate of healing is unusually fast.
((You are covered in fur. (AC +1)))
((You have extremely tough skin. (AC +3)))


Message History

You block the stone giant simulacrum's attack.
The stone giant simulacrum hits you!
* * * LOW HITPOINT WARNING * * *
The stone giant simulacrum freezes you!!!
* * * LOW HITPOINT WARNING * * *
The golden dragon simulacrum bites you but does no damage.
You block the golden dragon simulacrum's attack.
The golden dragon simulacrum tramples you but does no damage.
You block the ice devil's attack.
Unknown command.
Unknown command.
Unknown command.
Unknown command.
You feel much better. You block the frost giant's attack.
You block the stone giant simulacrum's attack.
The stone giant simulacrum hits you!
* * * LOW HITPOINT WARNING * * *
The stone giant simulacrum freezes you!!!
You die...
Your body crumbles into a pile of gold.

#⌠...[......# #.<(# #.$.(...)(
#⌠.....)....###..(###..(......
##....[...[$..[###............
###∩...[..$$8.# #(8...Y....∩#
##∩___....[.###.(....___∩##
######.8$......()8.######
#⌠.$$...[....⌠#
###$.Z.."[.(### #_8C[...._#
#Z4Z......# #_......._#
#∩.......∩# ##∩.)...∩##
##.....## ##⌠⌠⌠## #####


You could see a frost giant, an ice devil, a golden dragon simulacrum and 2
stone giant simulacra.

Vanquished Creatures
  Agnes (D)
  4 nagarajas (D)
  Kirke (D)
  Donald (D)
  A frost giant (D)
  Louise (D)
  An entropy weaver (D)
  5 stone giants (D)
  3 naga warriors (D)
  A wizard (D)
  13 catoblepae (D)
  A merfolk aquamancer (D)
  2 centaur warriors (D)
  Urug (D)
  A tengu warrior (D)
  5 hell hogs (D)
  A sun demon (D)
  3 iron golems (D)
  12 skeletal warriors (D)
  2 orc knights (D)
  An orb spider (D)
  5 rust devils (D)
  A black mamba (D)
  A naga mage (D)
  An ice devil (D)
  3 guardian mummies (D)
  A golden dragon simulacrum (D)
  A hellwing (D)
  2 red devils (D)
  3 jumping spiders (D)
  2 stone giant simulacra (D)
  Sigmund (D)
  2 redbacks (D)
  2 water elementals (D)
  A wyvern (D)
  2 fire elementals (D)
  Grum (D)
  A chaos spawn (D)
  3 nagas (D)
  Edmund (D)
  A hydra simulacrum (D)
  3 hell hounds (D)
  3 dwarves (D)
  An ice beast (D)
  3 orc warriors (D)
  An ogre (D)
  A centaur (D)
  6 wolves (D)
  2 bullfrogs (D)
  2 earth elementals (D)
  A hound (D)
  An orc priest (D)
  An orc wizard (D)
  Jessica (D)
  Terence (D)
  A worker ant (D)
  2 spriggan simulacra (D)
  3 mummies (D)
  An ufetubus (D)
  A leopard gecko (D)
  2 giant cockroaches (D)
  A hobgoblin (D)
  A quokka (D)
  A giant cockroach zombie (D)
  A kobold (D)
  A rat (D)
138 creatures vanquished.

Vanquished Creatures (others)
  3 dwarves (D)
3 creatures vanquished.

Grand Total: 141 creatures vanquished

Notes
Turn   | Place    | Note
-------+----------+-------------------------------------------
     0 | D        | sahdkjhfkaj the Troll Monk began the quest for the Orb.
     0 | D        | Reached XP level 1. HP: 22/22 MP: 0/0
     1 | D        | Found a stormy altar of Qazlal.
     1 | D        | Found a glowing golden altar of the Shining One.
     2 | D        | Found a burning altar of Makhleb.
     2 | D        | Found a blossoming altar of Fedhas.
     3 | D        | Found an ancient bone altar of Kikubaaqudgha.
     3 | D        | Found a shimmering blue altar of Sif Muna.
     4 | D        | Found an ornate altar of the Wu Jian Council.
     4 | D        | Found Sivy's Premium Goods.
     4 | D        | Found Jiut's Weapon Rack.
     5 | D        | Found Xymniun's Miscellaneous Merchandise.
     5 | D        | Found Qycagawa's Basic Armour.
     5 | D        | Round 1.
     7 | D        | Found a radiant altar of Vehumet.
    13 | D        | Bought a +0 troll leather armour for 180 gold pieces
    29 | D        | Found a roughly hewn altar of Beogh.
    29 | D        | Found a glowing silver altar of Zin.
    30 | D        | Found Vydinygu's Do-It-Yourself Clinic.
    31 | D        | Found Loity's Bottled Wisdom.
    31 | D        | Found Roifaps's Distillery.
    32 | D        | Found a basalt altar of Yredelemnul.
    32 | D        | Found a hide-covered altar of Uskayaw.
    32 | D        | Found an iron altar of Okawaru.
    32 | D        | Found Woruiq's Distillery.
    37 | D        | Found a corrupted altar of Lugonu.
    38 | D        | Found a shadowy altar of Dithmenos.
    39 | D        | Found Reteeffu's Staff Store.
    40 | D        | Found Vuedaric's Must-Have Magic.
    40 | D        | Found Joguatec's Magic Scroll Shop.
    41 | D        | Found a shimmering altar of Xom.
    41 | D        | Found a bloodstained altar of Trog.
    41 | D        | Found a sacrificial altar of Ru.
    41 | D        | Found Qatti's Magic Scroll Shop.
    47 | D        | Found an opulent altar of Gozag.
    48 | D        | Found a viscous altar of Jiyva.
    51 | D        | Found Jeulunog's Jewellery.
    51 | D        | Found Qaudylot's Advanced Armour.
    51 | D        | Found a snail-covered altar of Cheibriados.
    51 | D        | Found Elub's Identification Station.
   167 | D        | Arena points: 12 (+12) [x2]
   167 | D        | Reached skill level 4 in Unarmed Combat
   176 | D        | Became a worshipper of Gozag Ym Sagoz the Greedy
   217 | D        | Round 2.
   217 | D        | Noticed a hound
   232 | D        | Killed a hound
   232 | D        | Reached skill level 5 in Unarmed Combat
   232 | D        | Reached XP level 2. HP: 19/31 MP: 1/1
   232 | D        | Reached XP level 3. HP: 23/37 MP: 2/2
   292 | D        | Noticed Jessica
   295 | D        | Reached skill level 6 in Unarmed Combat
   296 | D        | Noticed Terence
   296 | D        | Noticed Sigmund
   303 | D        | Killed Sigmund
   303 | D        | Reached skill level 5 in Fighting
   303 | D        | Reached skill level 5 in Dodging
   303 | D        | Reached skill level 8 in Unarmed Combat
   303 | D        | Reached XP level 4. HP: 48/50 MP: 3/3
   303 | D        | Reached XP level 5. HP: 55/57 MP: 4/4
   309 | D        | Killed Terence
   309 | D        | Reached skill level 9 in Unarmed Combat
   312 | D        | Killed Jessica
   312 | D        | Arena points: 54 (+42) [x3]
   312 | D        | Reached XP level 6. HP: 67/67 MP: 5/5
   327 | D        | Bought a transparent hat for 315 gold pieces
   332 | D        | Identified the +0 hat of the Heron {rC- Regen+ rCorr} (You
                  | bought it in a shop in the Dungeon)
   338 | D        | Bought a wavering lapis lazuli ring for 45 gold pieces
   338 | D        | Bought a scintillating zirconium amulet for 45 gold pieces
   338 | D        | Identified the ring "Voraedat" {rC+ MR+ Int-3 Dex+6 SInv}
                  | (You bought it in a shop in the Dungeon)
   344 | D        | Identified the amulet "Qeismexte" {RegenMP *Slow +Fly rC+
                  | Dex+2} (You bought it in a shop in the Dungeon)
   372 | D        | Round 3.
   382 | D        | Reached skill level 10 in Unarmed Combat
   392 | D        | Noticed Edmund
   399 | D        | Killed Edmund
   399 | D        | Reached skill level 11 in Unarmed Combat
   399 | D        | Reached XP level 7. HP: 76/76 MP: 6/6
   434 | D        | Noticed a wyvern
   441 | D        | Killed a wyvern
   456 | D        | Arena points: 138 (+84) [x4]
   537 | D        | Round 4.
   538 | D        | Noticed Grum
   550 | D        | Killed Grum
   550 | D        | Reached skill level 12 in Unarmed Combat
   633 | D        | Reached XP level 8. HP: 74/88 MP: 7/7
   659 | D        | Arena points: 298 (+160) [x5]
   659 | D        | Reached skill level 13 in Unarmed Combat
   677 | D        | Bought a bloodstained cloak for 332 gold pieces
   677 | D        | Bought a heavily runed cloak for 332 gold pieces
   682 | D        | Identified the +1 cloak of Paranoia {rElec Int+3 Stlth-}
                  | (You bought it in a shop in the Dungeon)
   692 | D        | Identified the +2 cloak "Rukeg" {*Drain +Fly Slay-4 Stlth+}
                  | (You bought it in a shop in the Dungeon)
   732 | D        | Round 5.
   777 | D        | Noticed a witch
   792 | D        | Noticed a four-headed hydra
   795 | D        | Noticed a four-headed hydra
   798 | D        | Killed a witch
   798 | D        | Arena points: 578 (+280) [x7]
   798 | D        | Reached skill level 14 in Unarmed Combat
   799 | D        | Got a steaming emerald amulet
   799 | D        | Got a decaying rune of Zot
   810 | D        | Identified the amulet of Terra Nullius {MR+ Regen+} (You
                  | found it in the Dungeon)
   986 | D        | Round 6.
   986 | D        | Noticed a hellwing
   995 | D        | Killed a hellwing
   995 | D        | Reached XP level 9. HP: 88/98 MP: 8/8
  1014 | D        | Noticed a red devil
  1014 | D        | Noticed a rust devil
  1018 | D        | Noticed a rust devil
  1023 | D        | Killed a rust devil
  1026 | D        | Killed a red devil
  1026 | D        | Reached skill level 15 in Unarmed Combat
  1029 | D        | Killed a rust devil
  1055 | D        | Noticed a rust devil
  1064 | D        | Killed a rust devil
  1064 | D        | Reached skill level 10 in Fighting
  1064 | D        | Reached skill level 10 in Dodging
  1078 | D        | Noticed a red devil
  1083 | D        | Noticed a rust devil
  1084 | D        | Killed a red devil
  1094 | D        | Killed a rust devil
  1094 | D        | Arena points: 1010 (+432) [x8]
  1094 | D        | Reached skill level 16 in Unarmed Combat
  1094 | D        | Reached XP level 10. HP: 101/111 MP: 9/9
  1155 | D        | Round 7.
  1277 | D        | Arena points: 1059 (+49) [x1]
  1289 | D        | Bought a distressingly furry tower shield for 332 gold
                  | pieces
  1292 | D        | Round 8.
  1294 | D        | Identified the cursed +0 tower shield of Alouneut {MR+
                  | Dex+4} (You bought it in a shop in the Dungeon)
  1312 | D        | Bought +0 gold dragon scales for 960 gold pieces
  1356 | D        | Bought 4 scrolls of enchant armour for 300 gold pieces
  1356 | D        | Bought 4 scrolls of enchant armour for 300 gold pieces
  1366 | D        | Reached skill level 1 in Shields
  1376 | D        | Noticed an orc knight
  1386 | D        | Killed an orc knight
  1386 | D        | Reached skill level 1 in Armour
  1395 | D        | Noticed Urug
  1411 | D        | Killed Urug
  1460 | D        | Noticed an orc knight
  1468 | D        | Killed an orc knight
  1468 | D        | Arena points: 1203 (+144) [x2]
  1479 | D        | Bought a quad damage for 400 gold pieces
  1491 | D        | Round 9.
  1496 | D        | Bought a potion of experience for 300 gold pieces
  1496 | D        | Bought a potion of experience for 300 gold pieces
  1496 | D        | Reached XP level 11. HP: 119/119 MP: 10/10
  1497 | D        | Reached skill level 5 in Shields
  1497 | D        | Reached skill level 17 in Unarmed Combat
  1497 | D        | Reached XP level 12. HP: 130/130 MP: 11/11
  1498 | D        | Reached XP level 13. HP: 137/137 MP: 12/12
  1566 | D        | Arena points: 1392 (+189) [x3]
  1581 | D        | Round 10.
  1719 | D        | Noticed an entropy weaver
  1735 | D        | Killed an entropy weaver
  1735 | D        | Reached skill level 5 in Armour
  1743 | D        | Arena points: 1472 (+80) [x1]
  1744 | D        | Got a gossamer rune of Zot
  1952 | D        | Round 11.
  1973 | D        | Noticed a nagaraja
  1975 | D        | Noticed a nagaraja
  1977 | D        | Noticed a nagaraja
  1984 | D        | Killed a nagaraja
  1984 | D        | Reached skill level 18 in Unarmed Combat
  1985 | D        | Killed a nagaraja
  2000 | D        | Killed a nagaraja
  2000 | D        | Reached XP level 14. HP: 59/149 MP: 13/13
  2006 | D        | Noticed a nagaraja
  2016 | D        | Killed a nagaraja
  2016 | D        | Reached skill level 10 in Shields
  2016 | D        | Reached skill level 19 in Unarmed Combat
  2069 | D        | Arena points: 1758 (+286) [x2]
  2127 | D        | Round 12.
  2147 | D        | Bought 3 potions of experience for 900 gold pieces
  2147 | D        | Bought 3 potions of experience for 900 gold pieces
  2147 | D        | Bought 2 potions of experience for 600 gold pieces
  2147 | D        | Reached XP level 15. HP: 158/158 MP: 14/14
  2148 | D        | Reached XP level 16. HP: 167/167 MP: 15/15
  2149 | D        | Reached XP level 17. HP: 175/175 MP: 16/16
  2150 | D        | Reached XP level 18. HP: 184/184 MP: 17/17
  2151 | D        | Reached XP level 19. HP: 192/192 MP: 18/18
  2152 | D        | Reached XP level 20. HP: 201/201 MP: 19/19
  2153 | D        | Reached skill level 10 in Earth Magic
  2153 | D        | Reached XP level 21. HP: 208/208 MP: 20/20
  2154 | D        | Reached XP level 22. HP: 217/217 MP: 21/21
  2189 | D        | Noticed Louise
  2224 | D        | Noticed Donald
  2235 | D        | Killed Donald
  2257 | D        | Killed Louise
  2265 | D        | Noticed Kirke
  2274 | D        | Killed Kirke
  2274 | D        | Reached skill level 20 in Unarmed Combat
  2275 | D        | Arena points: 2154 (+396) [x3]
  2327 | D        | Round 13.
  2352 | D        | Bought a book of the Earth for 455 gold pieces
  2359 | D        | Learned a level 6 spell: Statue Form
  2480 | D        | Arena points: 2167 (+13) [x1]
  2495 | D        | Round 14.
  2516 | D        | Reached skill level 1 in Transmutations
  2522 | D        | Reached skill level 1 in Spellcasting
  2575 | D        | Arena points: 2503 (+336) [x2]
  2590 | D        | Round 15.
  2603 | D        | Noticed Agnes
  2633 | D        | Killed Agnes
  2633 | D        | Arena points: 3163 (+660) [x4]
  2634 | D        | Got a mossy rune of Zot
  2703 | D        | Bought a quad damage for 400 gold pieces
  2703 | D        | Bought a quad damage for 400 gold pieces
  2703 | D        | Bought 5 potions of haste for 1000 gold pieces
  2703 | D        | Bought 5 potions of heal wounds for 500 gold pieces
  2703 | D        | Bought 5 potions of heal wounds for 500 gold pieces
  2722 | D        | Bought 3 potions of heal wounds for 105 gold pieces
  2722 | D        | Bought 3 potions of heal wounds for 105 gold pieces
  2722 | D        | Bought 3 potions of heal wounds for 105 gold pieces
  2722 | D        | Bought 3 potions of heal wounds for 105 gold pieces
  2842 | D        | Round 16.
  2979 | D        | Arena points: 4123 (+960) [x5]
  3014 | D        | Round 17.
  3050 | D        | Reached skill level 5 in Spellcasting
  3095 | D        | Reached skill level 15 in Earth Magic
  3173 | D        | Arena points: 5449 (+1326) [x6]
  3210 | D        | Round 18.
  3233 | D        | Reached skill level 10 in Transmutations
  3269 | D        | Arena points: 7213 (+1764) [x7]
  3279 | D        | Round 19.
  3375 | D        | Demolished by a stone giant simulacrum

Illustrated notes

Levels and vault maps discovered:
D:        arena_sprint

Skill      XL: |  1  2  3  4  5  6  7  8  9 10 11 12 13 14 15 16 17 18 19 20 21 22 |
---------------+-------------------------------------------------------------------+-----
Unarmed Combat | 5 8 9 11 12 14 16 17 18 19 20 | 20.1
Fighting       | 3 5 6 7 9 10 11 12 13 | 13.0
Dodging        | 3 5 6 7 9 10 11 12 13 | 13.0
Shields        | 4 5 9 10 11 | 11.7
Armour         | 3 6 7 8 |  8.4
Earth Magic    | 4 6 7 9 10 11 17 | 17.0
Transmutations | 11 | 11.9
Spellcasting   | 7 |  7.1
Stealth        | |  1.0

Action                   |  1- 3 |  4- 6 |  7- 9 | 10-12 | 13-15 | 16-18 | 19-21 | 22-24 || total
-------------------------+-------+-------+-------+-------+-------+-------+-------+-------++-------
Melee: Unarmed           |    26 |    15 |    72 |    39 |   119 |       |       |   287 ||   558
       Punch             |       |       |     6 |       |       |       |       |       ||     6
 Cast: Statue Form       |       |       |       |       |       |       |       |     5 ||     5
Evoke: Wand              |     3 |     1 |     5 |       |       |       |       |       ||     9
       Quad damage       |       |       |       |       |     1 |       |       |       ||     1
  Use: Potion            |     1 |       |     1 |     3 |     3 |     3 |     3 |     2 ||    16
       Scroll            |       |       |       |     8 |       |       |       |       ||     8
 Stab: Distracted        |       |       |       |       |       |       |       |     2 ||     2
Armor: Troll leather arm |    12 |     4 |    20 |     1 |       |       |       |       ||    37
       Gold dragon scale |       |       |       |     7 |    61 |       |       |    44 ||   112
       Skin              |       |       |       |       |       |       |       |    16 ||    16
Dodge: Dodged            |    14 |     5 |    54 |     3 |    15 |       |       |    39 ||   130
Block: Tower shield      |       |       |       |    14 |   120 |       |       |   171 ||   305

Table legend: (Time is in decaauts)
 A = Elapsed time spent in this place.
 B = Non-inter-level travel time spent in this place.
 C = Inter-level travel time spent in this place.
 D = Time resting spent in this place.
 E = Time spent auto-exploring this place.
 F = Levels seen in this place.
 G = Mean time per level.
                   A        B        C        D        E       F      G
               +--------+--------+--------+--------+--------+-----+--------+
         Total |   3304 |   3302 |      2 |   1358 |    557 |   1 | 3304.0 |
       Dungeon |   3304 |   3302 |      2 |   1358 |    557 |   1 | 3304.0 |
               +--------+--------+--------+--------+--------+-----+--------+

Top non-repeatable levels by time:
       D: 3304 daAuts
